 Dungeon Crawl Stone Soup version 0.17-a0-1508-ge7f3dc3 (webtiles) character file.

4855 urechis the Nimble (level 10, -3/68 HPs)
             Began as a Kobold Berserker on July 10, 2015.
             Was an Elder of Trog.
             Slain by an orc warrior
             ... wielding a +0 trident
              (16 damage)
             ... on level 9 of the Dungeon.
             The game lasted 00:29:59 (10093 turns).

urechis the Nimble (Kobold Berserker)              Turns: 10093, Time: 00:29:59

Health: -3/68      AC:  6    Str: 16    XL:     10   Next: 78%
Magic:  10/10      EV: 24    Int:  5    God:    Trog [****..]
Gold:   674        SH:  0    Dex: 19    Spells: 0 memorised, 9 levels left

rFire  . . .     SeeInvis +     y - +0 rapier (curse)
rCold  . . .     Clarity  .     q - +0 leather armour
rNeg   . . .     SustAt   .     (shield restricted)
rPois  .         Gourm    .     (no helmet)
rElec  .         Spirit   .     H - +2 cloak
rCorr  .         Warding  .     (no gloves)
rMut   .         Stasis   .     (no boots)
MR     ++...                    (no amulet)
Stlth  ++++......               (no ring)
                                r - ring of see invisible

@: exhausted, regenerating, slowed, very slow, very resistant to hostile
enchantments, stealthy
A: carnivore 3
a: Burn Spellbooks, Berserk, Trog's Hand, Brothers in Arms, Renounce Religion


You were on level 9 of the Dungeon.
You worshipped Trog.
Trog was greatly pleased with you.
You were very full.

You visited 2 branches of the dungeon, and saw 10 of its levels.
You also visited: Ossuary.

You collected 674 gold pieces.

Inventory:

Hand weapons
 y - a cursed +0 rapier (weapon)
Missiles
 g - 6 needles of sleeping
 j - 58 poisoned needles
 p - 5 needles of confusion
 D - 3 throwing nets (quivered)
Armour
 q - a +0 leather armour (worn)
 H - a +2 cloak (worn)
Jewellery
 r - a ring of see invisible (left hand)
Magical devices
 a - a wand of cold (11)
Scrolls
 d - 4 scrolls of recharging
 f - 2 scrolls of enchant armour {unknown}
 h - 5 scrolls of remove curse
 k - 5 scrolls of teleportation
 o - 4 scrolls of enchant weapon
 s - a scroll of fear {unknown}
 A - a scroll of blinking {unknown}
 C - a scroll of amnesia {unknown}
 E - a scroll of fog {unknown}
 F - 3 scrolls of magic mapping {unknown}
 M - a scroll of random uselessness {unknown}
Potions
 e - 4 potions of haste {unknown}
 i - a potion of beneficial mutation {unknown}
 m - a potion of cancellation {unknown}
 t - 3 potions of ambrosia {unknown}
 u - 5 potions of flight {unknown}
 v - 4 potions of curing {unknown}
 w - 2 potions of lignification {unknown}
 x - a potion of heal wounds {unknown}
 z - 4 potions of degeneration {unknown}
 B - 2 potions of mutation {unknown}
 G - a potion of invisibility {unknown}
 I - 2 potions of agility {unknown}
 J - a potion of magic {unknown}
 N - a potion of might {unknown}
Comestibles
 b - 5 beef jerkies
 c - 2 meat rations
 l - 2 royal jellies
 K - 7 slices of pizza
 L - 9 chunks of flesh


   Skills:
 + Level 10.2 Fighting
 - Level 8.0 Short Blades
 - Level 1.5 Armour
 * Level 11.4 Dodging
 - Level 8.0 Stealth


You had 9 spell levels left.
You didn't know any spells.

Dungeon Overview and Level Annotations

Branches:
Dungeon (9/15)             Temple (1/1) D:6            Lair (0/8) D:8
    Orc: D:9-12

Altars:
Ashenzari
Cheibriados
Dithmenos
Elyvilon
Fedhas
Gozag
Kikubaaqudgha
Nemelex Xobeh
Okawaru
Qazlal
Ru
Sif Muna
Trog
Xom
Yredelemnul
Zin
The Shining One
Jiyva

Shops:
D:4 *   D:6 *


Innate Abilities, Weirdness & Mutations

You are small and have problems with some larger weapons.
You are carnivorous and can eat meat at any time.


Message History

The orc warrior is almost dead.
The orc warrior completely misses you. The kobold misses you.
You hit the orc warrior but do no damage.
The orc warrior is almost dead.
You feel the effects of Trog's Hand fading.
The orc warrior hits you with a trident.
The kobold closely misses you.
You hit the orc warrior.
The orc warrior is almost dead.
The kobold completely misses you.
The orc warrior hits you with a trident!!
* * * LOW HITPOINT WARNING * * *
The kobold misses you.
You barely miss the orc warrior.
The orc warrior is almost dead.
The orc warrior closely misses you. The kobold closely misses you.
You hit the orc warrior but do no damage.
The orc warrior is almost dead.
The orc warrior hits you with a trident!
You die...

.....# >....#
#..........(.. ....†#
#............. .....#
#............. .....#
#.............
.....######.............
...................[....
..!..######....$K.......
.....# #.....@o......
.....# #...(.(.######
.....# #.#####.# .....#
#.# .# .....######.# .#
............# .#
.....######.# .. .....#
#.# .# .....# #.#


You could see an orc warrior and a kobold.

Vanquished Creatures
  Prince Ribbit (D:7)
  A yak (D:8)
  2 hippogriffs
  A human (D:7)
  Menkaure (D:6)
  A deep elf fighter (D:8)
  3 orc warriors
  A sky beast (D:5)
  2 water moccasins
  2 phantoms
  5 ogres
  A black bear (D:9)
  A necrophage (D:7)
  A crocodile (D:8)
  4 centaurs
  A giant frog (D:8)
  A gnoll sergeant (D:9)
  3 scorpions
  A wyvern skeleton (D:8)
  A water moccasin skeleton (D:8)
  3 killer bees (D:8)
  2 crimson imps
  2 gnoll shamans
  3 hounds
  2 giant frog zombies
  7 orc wizards
  2 centaur skeletons
  A giant frog skeleton (D:5)
  Crazy Yiuf (D:6)
  2 human zombies (Ossuary)
  3 jellies
  2 orc priests
  6 worker ants
  4 sheep (D:7)
  A big kobold zombie (Ossuary)
  A hound zombie (D:5)
  4 mummies (Ossuary)
  A worker ant zombie (D:7)
  17 gnolls
  13 adders
  2 river rats (D:8)
  A shadow imp (D:3)
  4 oozes
  2 adder skeletons
  6 worms
  8 giant geckos
  26 orcs
  A bat zombie (D:5)
  A gnoll zombie (Ossuary)
  20 hobgoblins
  14 jackals
  10 kobolds
  5 quokkas
  3 ball pythons
  29 bats
  5 giant cockroaches
  A giant gecko skeleton (D:5)
  3 giant newts
  12 goblins
  2 goblin zombies
  2 kobold zombies (Ossuary)
  An orc zombie (Ossuary)
  17 rats
  A rat zombie (D:4)
287 creatures vanquished.

Vanquished Creatures (others)
  An orc wizard (D:7)
  A bat (D:9)
  2 fungi (D:8)
4 creatures vanquished.

Grand Total: 291 creatures vanquished

Notes
Turn   | Place    | Note
--------------------------------------------------------------
     0 | D:1      | urechis the Kobold Berserker began the quest for the Orb.
     0 | D:1      | Reached XP level 1. HP: 14/14 MP: 1/1
    32 | D:1      | Reached skill level 1 in Stealth
   313 | D:1      | Reached XP level 2. HP: 14/19 MP: 2/2
   472 | D:1      | Reached XP level 3. HP: 15/23 MP: 3/3
   745 | D:1      | Acquired Trog's second power
  1247 | D:2      | Reached XP level 4. HP: 28/28 MP: 4/4
  1425 | D:2      | Reached skill level 5 in Stealth
  2038 | D:3      | Reached skill level 6 in Stealth
  2038 | D:3      | Reached XP level 5. HP: 25/32 MP: 5/5
  2048 | D:3      | Reached skill level 7 in Stealth
  2557 | D:3      | Reached XP level 6. HP: 36/37 MP: 6/6
  2709 | D:3      | Reached skill level 8 in Stealth
  3219 | D:4      | Found Cinaz's Assorted Antiques.
  3285 | D:4      | Found a sand-covered staircase.
  3347 | Ossuary  | Entered an ossuary
  3537 | Ossuary  | Reached skill level 5 in Short Blades
  3537 | Ossuary  | Reached XP level 7. HP: 43/43 MP: 7/7
  4157 | D:4      | Found a white marble altar of Elyvilon.
  4160 | D:4      | Found a glowing silver altar of Zin.
  4163 | D:4      | Found a deep blue altar of Sif Muna.
  4258 | D:4      | Reached skill level 5 in Fighting
  4351 | D:4      | Noticed a water moccasin
  4356 | D:4      | Killed a water moccasin
  4615 | D:5      | Entered Level 5 of the Dungeon
  4748 | D:5      | Reached XP level 8. HP: 51/51 MP: 8/8
  5150 | D:5      | Got a twitching wooden ring
  5151 | D:5      | Identified the ring "Rimn" {+/*Tele rElec} (You took it off an orc on level 5 of the Dungeon)
  6005 | D:6      | Noticed Menkaure
  6377 | D:6      | Acquired Trog's third power
  6382 | D:6      | Found a staircase to the Ecumenical Temple.
  6391 | Temple   | Entered the Ecumenical Temple
  6487 | D:6      | Found Wiwuih's General Store.
  6534 | D:6      | Killed Menkaure
  6534 | D:6      | Reached XP level 9. HP: 56/58 MP: 9/9
  6673 | D:6      | Reached skill level 5 in Dodging
  6693 | D:6      | Noticed Crazy Yiuf
  6701 | D:6      | Killed Crazy Yiuf
  7121 | D:7      | Noticed Prince Ribbit
  7128 | D:7      | Killed Prince Ribbit
  7605 | D:7      | Reached skill level 9 in Fighting
  7636 | D:7      | Reached XP level 10. HP: 35/66 MP: 10/10
  7930 | D:7      | Found an iron altar of Okawaru.
  8385 | D:8      | Reached skill level 10 in Dodging
  8593 | D:8      | Found a viscous altar of Jiyva.
  8692 | D:8      | Found a shimmering altar of Xom.
  9153 | D:8      | Found a staircase to the Lair.
  9314 | D:8      | Reached skill level 10 in Fighting
  9687 | D:9      | Reached skill level 11 in Dodging
 10093 | D:9      | Slain by an orc warrior

Vault maps used:
D:1:      dpeg_arrival_fog
D:4:      grunt_temple_overflow_diamond, enter_ossuary_4, serial_shops,
          nicolae_shop_overgrown_old_shop
D:5:      first_bread, kennysheep_generic_room_3
D:6:      minmay_temple_entry_statues_fountains, serial_shops,
          kennysheep_little_box, uniq_menkaure, uniq_crazy_yiuf_cottage
D:7:      okawaru_ov_weapons_minmay, grunt_livestock, uniq_prince_ribbit1
D:8:      kennysheep_mini_moat, grunt_lair_entry_elf_guard_hut, jiyva_altar_1
D:9:      grunt_temple_overflow_lords_of_destruction
Temple:   circular_temple_pool_12
Ossuary:  ossuary_crypta

Action                   |  1- 3 |  4- 6 |  7- 9 | 10-12 || total
-------------------------+-------+-------+-------+-------++-------
Melee: Short sword       |    99 |   231 |   481 |   179 ||   990
       Rapier            |       |       |       |   292 ||   292
Invok: Berserk           |     2 |     7 |    15 |    12 ||    36
       Trog's Hand       |       |     1 |     7 |    11 ||    19
       Burn Spellbooks   |       |       |     1 |     2 ||     3
  Use: Scroll            |       |       |     6 |     1 ||     7
 Stab: Sleeping          |     6 |     9 |    24 |    10 ||    49
       Distracted        |       |       |     1 |       ||     1
  Eat: Chunk             |    10 |    11 |    34 |    22 ||    77
